 Dungeon Crawl Stone Soup version 0.31.0-11-ge490571c62 (webtiles) character file.

Game seed: 325590639821703717

10196 Baz the Covert (level 11, -12/87 HPs)
             Began as a Felid Shapeshifter on Feb 7, 2024.
             Was an Initiate of Gozag.
             Mangled by a manticore (16 damage)
             ... on level 11 of the Dungeon.
             The game lasted 00:27:12 (12054 turns).

Baz the Covert (Felid Shapeshifter)                Turns: 12054, Time: 00:27:13

Health: -12/87     AC: 25    Str: 10    XL:     11   Next: 33%
Magic:  10/10      EV:  4    Int: 15    God:    Gozag
Gold:   2111       SH:  0    Dex: 19    Spells: 3/10 levels left
                                        Lives:  0   Deaths: 4

rFire   . .          .
                       - Unarmed
rCold   + . .        (shield unavailable)
rNeg    . . .        (body armour unavailable)
rPois   +            (helmet unavailable)
rElec   .            (cloak unavailable)
rCorr   .            (gloves unavailable)
SInv    +            (boots unavailable)
Will    +....        r - amulet of the acrobat
Stlth   ++++++       j - ring of protection from cold
HPRegen 0.34/turn    C - +4 ring of slaying
MPRegen 0.12/turn

%: acrobat
@: brilliant, tree-form, spiked, on berserk cooldown, slowed, very slow
A: stationary, stasis, torment immunity, boosted hp, very small, (claws 1),
(fangs 3), see invisible, (shaggy fur 2), (stealthy paws), no weapons or thrown
items, no armour, multi-lived, low MP 1
a: Renounce Religion, Potion Petition, Call Merchant, Bribe Branch


You were on level 11 of the Dungeon.
You worshipped Gozag.
Gozag was most pleased with you.
You were a tree.
You visited 1 branch of the dungeon, and saw 11 of its levels.
You also visited: Sewer and Ossuary.

You collected 2164 gold pieces.
You paid 53 gold pieces to Gozag.

Inventory:

Jewellery
 j - a ring of protection from cold (left branch)
 q - a ring of ice
 r - an amulet of the acrobat (around neck)
 s - a +6 ring of strength
 C - a +4 ring of slaying (right branch)
 G - a ring of protection from fire
 I - an amulet of regeneration
 J - a +6 ring of intelligence
 P - a ring of willpower
Talismans
 b - a beast talisman
 c - a flux talisman
 K - a serpent talisman
Wands
 a - a wand of charming (9)
 u - a wand of roots (4)
 D - a wand of polymorph (6)
 N - a wand of quicksilver (6)
Scrolls
 f - 2 scrolls of blinking
 g - 2 scrolls of enchant armour {unknown}
 h - 2 scrolls of vulnerability {unknown}
 i - a scroll of fear {unknown}
 k - 2 scrolls of brand weapon {unknown}
 l - 6 scrolls of teleportation
 o - 3 scrolls of enchant weapon {unknown}
 p - 2 scrolls of immolation {unknown}
 v - 2 scrolls of torment {unknown}
 x - a scroll of butterflies {unknown}
 y - 4 scrolls of fog {unknown}
 A - 4 scrolls of revelation {unknown}
 B - 9 scrolls of identify
 H - a scroll of amnesia {unknown}
 L - a scroll of acquirement {unknown}
Potions
 d - 3 potions of might
 e - 3 potions of curing
 m - a potion of degeneration
 w - 3 potions of brilliance
 z - 2 potions of magic
 E - a potion of ambrosia {unknown}
 F - a potion of heal wounds {unknown}
Miscellaneous
 O - a phial of floods


   Skills:
 + Level 7.0 Fighting
 + Level 9.5 Dodging
 * Level 13.4 Stealth
 + Level 7.4 Unarmed Combat
 - Level 8.0 Hexes
 * Level 6.8 Shapeshifting


You had 3 spell levels left.
You knew the following spells:

 Your Spells              Type           Power      Damage    Failure   Level
a - Jinxbite              Hex            72%        N/A       1%          2
b - Blink                 Tloc           0%         N/A       38%         2
c - Confusing Touch       Hex            36%        N/A       3%          3

Your spell library contained the following spells:

 Spells                   Type           Power      Damage    Failure   Level
 Inner Flame              Hex/Fire       18%        N/A       16%         3
 Apportation              Tloc           0%         N/A       26%         1
 Freeze                   Ice            0%         1d3       26%         1
 Kiss of Death            Conj/Necr      0%         2d5       26%         1
 Magic Dart               Conj           0%         1d3       26%         1
 Call Imp                 Summ           0%         N/A       38%         2
 Searing Ray              Conj           0%         2d4       38%         2
 Static Discharge         Conj/Air       0%         3-3/arc   38%         2
 Frozen Ramparts          Ice            0%         1d1       63%         3
 Hailstorm                Conj/Ice       0%         3d5       63%         3
 Summon Ice Beast         Ice/Summ       0%         N/A       63%         3
 Airstrike                Air            0%         2d(0-16)  95%         4
 Dispel Undead            Necr           0%         3d6       95%         4
 Flame Wave               Conj/Fire      0%         2d4       95%         4
 Fulminant Prism          Conj/Alch      0%         3d5       95%         4
 Sticky Flame             Fire/Alch      0%         2d4       95%         4
 Summon Lightning Spire   Summ/Air       0%         N/A       95%         4
 Alistair's Intoxication  Alch           0%         N/A       100%        5
 Iskenderun's Battlesphe  Conj           0%         2d6       100%        5
 Bombard                  Conj/Erth      0%         9d1       100%        6
 Sculpt Simulacrum        Ice/Alch       0%         N/A       100%        6
 Haunt                    Necr/Summ      0%         N/A       100%        7
 Spellforged Servitor     Conj/Summ      0%         N/A       100%        7
 Infestation              Necr           0%         N/A       100%        8
 Animate Dead             Necr           Unusable   N/A       N/A         4

Dungeon Overview and Level Annotations

Branches:
Dungeon (11/15)            Temple (0/1) D:7            Lair (0/5) D:11
    Orc (0/2) D:9           Sewer (visited)         Ossuary (visited)

Altars:
Dithmenos
Elyvilon
Gozag
Hepliaklqana
Makhleb
Nemelex Xobeh
Okawaru
Ru
Vehumet
The Shining One

Shops:
D:1 [

Annotations:
D:3 1 runed translucent door, Crazy Yiuf
D:5 4 runed translucent doors
D:6 3 runed translucent doors, popper's ghost, novice TrSh
D:9 exclusion: statue
D:11 exclusion: 2 skeletal warriors


Innate Abilities, Weirdness & Mutations

You are a tree.
Your roots penetrate the ground, keeping you stationary.
You cannot be teleported.
You are immune to unholy pain and torment.
Your maximum health is greatly increased.
((You have sharp claws.))
((You have razor-sharp teeth.))
You have supernaturally acute eyesight. (SInv)
((You are covered in thick fur. (AC +2)))
((Your paws help you pounce on unaware monsters.))
You are incapable of wielding weapons or throwing items.
You cannot wear armour.
You gain extra lives every three experience levels.
Your magical capacity is low. (-10% MP)


Message History

The volley of spikes skewers you!!
The barbed spikes become lodged in your body.
* * * LOW HITPOINT WARNING * * *
Unknown command.
Unknown command.
The grasping roots constrict the manticore.
The roots release their grip on the manticore.
The manticore flicks its tail.
The volley of spikes skewers you!
The barbed spikes become lodged in your body.
* * * LOW HITPOINT WARNING * * *
Unknown command.
It was a potion of brilliance.
You feel clever all of a sudden.
The manticore flicks its tail.
The volley of spikes skewers you but does no damage.
It was a potion of berserk rage.
A red film seems to cover your vision as you go berserk!
You feel yourself moving faster!
You feel mighty!
The manticore flicks its tail.
The volley of spikes misses you.
You feel a strong urge to attack something.
The manticore flicks its tail.
The volley of spikes misses you.
You feel your anger nearly subside.
You are no longer berserk.
You are exhausted.
You feel yourself slow down.
The manticore flicks its tail.
The volley of spikes misses you.
It was a potion of mutation.
You feel extremely strange.
You feel less energetic.
Okay, then.
Unknown command.
Okay, then.
Unknown command.
Your transformation has ended.
You turn into a tree.
Your roots penetrate the ground.
The manticore bites you!
You die...
Your body crumbles into a pile of gold.

#........'.....##.....
#........########....>
##'####### #####+
#....# #. ####.# #.
#.# #. #.# #.
####'###### ##
#...♣.....# #
#...H.....# #
#.........# #
#.".....^.# .
#.........+ ##
#.........# #
######+#### # #


You could see a manticore.

Vanquished Creatures
  Snorg (D:10)
  A two-headed ogre (D:7)
  Pikel (D:9)
  A glowing orange brain (D:5)
  Maurice (D:8)
  An unseen horror (D:10)
  A rime drake (D:10)
  A komodo dragon (D:11)
  A troll (D:7)
  4 yaks (D:9)
  3 wyverns
  A wraith (D:7)
  2 steam dragons
  A basilisk (D:7)
  An acid dragon (D:9)
  2 water moccasins
  Duvessa (D:7)
  An orc warrior (D:8)
  2 black bears (D:6)
  4 ice beasts
  A wolf (D:10)
  3 ogres
  4 centaurs
  4 lemures (D:9)
  A phantom (D:7)
  A kobold brigand (D:8)
  2 bullfrogs
  3 gnoll sergeants
  A scorpion (D:5)
  8 wights
  Dowan (D:7)
  9 killer bees
  7 howler monkeys
  3 bombardier beetles
  A crimson imp (D:7)
  4 hounds
  17 orc priests
  4 jellies
  3 sleepcaps
  4 iguanas
  9 orc wizards
  Ijyb (D:3)
  A mummy (D:4)
  5 adders
  12 gnolls
  A shadow imp (D:8)
  6 white imps
  An adder skeleton (Ossuary)
  A ribbon worm (D:3)
  47 orcs
  7 bats
  9 endoplasms
  4 giant cockroaches
  5 goblins
  8 hobgoblins
  8 jackals
  10 kobolds
  6 quokkas
  9 ball pythons
  4 ball python skeletons (Ossuary)
  4 frilled lizards
  2 hobgoblin skeletons (Ossuary)
  A kobold skeleton (Ossuary)
  An orc skeleton (Ossuary)
  7 rats
  A butterfly (D:7)
282 creatures vanquished.

Vanquished Creatures (collateral kills)
  A scorpion (D:5)
1 creature vanquished.

Vanquished Creatures (others)
  A yak (D:5)
1 creature vanquished.

Grand Total: 284 creatures vanquished

Notes
Turn   | Place    | Note
-------+----------+-------------------------------------------
     0 | D:1      | Baz the Felid Shapeshifter began the quest for the Orb.
     0 | D:1      | Reached XP level 1. HP: 10/10 MP: 2/2
   108 | D:1      | Reached skill level 1 in Stealth
   148 | D:1      | Reached XP level 2. HP: 12/14 MP: 3/3
   430 | D:1      | Reached skill level 2 in Stealth
   508 | D:1      | Found Loris's Armour Shop.
   813 | D:2      | Reached XP level 3. HP: 14/18 MP: 4/4
  1030 | D:2      | Found a faded altar of an unknown god.
  1221 | D:2      | Reached skill level 3 in Stealth
  1660 | D:3      | Reached XP level 4. HP: 10/23 MP: 5/5
  1660 | D:3      | Gained a life (2 lives remaining)
  1821 | D:3      | Learned a level 2 spell: Jinxbite
  1861 | D:3      | Noticed Ijyb
  1891 | D:3      | Killed Ijyb
  2268 | D:3      | Found a runed translucent door.
  2269 | D:3      | Noticed Crazy Yiuf
  2508 | D:4      | Reached skill level 1 in Hexes
  2508 | D:4      | Reached XP level 5. HP: 26/26 MP: 6/6
  2604 | D:4      | Found an opulent altar of Gozag.
  2604 | D:4      | Found a white marble altar of Elyvilon.
  2827 | D:4      | Found a sand-covered staircase.
  2835 | D:4      | Reached skill level 4 in Stealth
  2838 | Ossuary  | Entered an ossuary
  2977 | Ossuary  | Noticed a laughing skull
  2991 | Ossuary  | Noticed a laughing skull
  2994 | Ossuary  | Noticed a laughing skull
  3006 | Ossuary  | Slain by a wight
  3006 | Ossuary  | Lost a life (1 life remaining)
  3238 | D:4      | Found a faded altar of an unknown god.
  3240 | D:4      | Found a sparkling altar of Nemelex Xobeh.
  3242 | D:4      | Found a hazy altar of Hepliaklqana.
  3477 | D:4      | Became a worshipper of Gozag Ym Sagoz the Greedy
  3869 | D:5      | Entered Level 5 of the Dungeon
  3899 | D:5      | Found a large runed translucent door.
  3900 | D:5      | Found a large runed translucent door.
  3900 | D:5      | Found a large runed translucent door.
  3908 | D:5      | Noticed a two-headed ogre
  3934 | D:5      | Splashed by a jelly's acid
  3934 | D:5      | Lost a life (0 lives remaining)
  4054 | D:5      | Gained mutation: You are covered in thick fur. (AC +2)
                  | [Felid growth]
  4054 | D:5      | Reached XP level 6. HP: 31/31 MP: 7/7
  4088 | D:5      | Found a glowing drain.
  4109 | Sewer    | Entered a sewer
  4245 | D:5      | Reached skill level 5 in Stealth
  4263 | D:5      | Found a large runed translucent door.
  4333 | D:5      | Reached XP level 7. HP: 22/35 MP: 8/8
  4333 | D:5      | Gained a life (1 life remaining)
  4490 | D:5      | Reached skill level 6 in Stealth
  4490 | D:5      | Noticed a yak
  4521 | D:5      | Identified the +2 mace of Exquisite Torment {venom, Str+6
                  | Int+5 Stlth+}
  5062 | D:6      | Reached skill level 5 in Dodging
  5099 | D:6      | Noticed Jeremiah
  5452 | D:6      | Jeremiah changed into Jeremiah the glowing orange brain
  5452 | D:6      | Noticed Jeremiah
  5489 | D:5      | Killed Jeremiah the glowing orange brain
  5490 | D:5      | Reached skill level 7 in Stealth
  5490 | D:5      | Reached XP level 8. HP: 33/42 MP: 7/9
  5589 | D:6      | Reached skill level 8 in Stealth
  5589 | D:6      | Reached skill level 5 in Hexes
  5600 | D:6      | Learned a level 2 spell: Blink
  5601 | D:6      | Found a runed translucent gate.
  5602 | D:6      | Found a runed translucent gate.
  5602 | D:6      | Found a runed translucent gate.
  5607 | D:6      | Reached skill level 5 in Unarmed Combat
  5801 | D:6      | Noticed popper's ghost (novice TrSh)
  6430 | D:7      | Learned a level 3 spell: Confusing Touch
  6458 | D:7      | Reached XP level 9. HP: 38/46 MP: 10/10
  6500 | D:7      | Found a staircase to the Ecumenical Temple.
  6541 | D:6      | Reached skill level 9 in Stealth
  7428 | D:7      | Noticed a troll
  7443 | D:7      | Reached skill level 5 in Fighting
  7470 | D:7      | Killed a troll
  7471 | D:7      | Reached skill level 10 in Stealth
  7557 | D:7      | Reached skill level 5 in Shapeshifting
  7643 | D:7      | Noticed Dowan
  7644 | D:7      | Noticed Duvessa
  7659 | D:7      | Killed Duvessa
  7877 | D:7      | Noticed a two-headed ogre
  7887 | D:7      | Killed a two-headed ogre
  7887 | D:7      | Shot with an arrow by a centaur
  7887 | D:7      | Lost a life (0 lives remaining)
  7902 | D:7      | Reached XP level 10. HP: 51/51 MP: 11/11
  7902 | D:7      | Gained a life (1 life remaining)
  7935 | D:7      | Reached skill level 11 in Stealth
  8002 | D:7      | Slain by a wraith
  8002 | D:7      | Lost a life (0 lives remaining)
  8033 | D:7      | Found a burning altar of Makhleb.
  8568 | D:7      | Killed Dowan
  9209 | D:8      | Found a glowing golden altar of the Shining One.
  9403 | D:8      | Noticed Maurice
  9415 | D:8      | Maurice stole a +6 ring of intelligence
  9424 | D:8      | Killed Maurice
  9840 | D:9      | Reached skill level 12 in Stealth
 10078 | D:9      | Found a sacrificial altar of Ru.
 10286 | D:9      | Noticed Pikel
 10322 | D:9      | Killed Pikel
 10437 | D:9      | Found a radiant altar of Vehumet.
 10622 | D:9      | Found a staircase to the Orcish Mines.
 10893 | D:10     | Entered Level 10 of the Dungeon
 10909 | D:10     | Reached XP level 11. HP: 58/58 MP: 12/12
 10945 | D:10     | Identified the +2 robe of Ugeymaed {Fly MP+9}
 11238 | D:10     | Found an iron altar of Okawaru.
 11625 | D:10     | Found a shadowy altar of Dithmenos.
 11628 | D:10     | Reached skill level 13 in Stealth
 11631 | D:10     | Noticed Snorg
 11635 | D:10     | Killed Snorg
 11895 | D:11     | Found a staircase to the Lair.
 11903 | D:11     | Noticed a two-headed ogre
 11996 | D:11     | Noticed a skeletal warrior
 11996 | D:11     | Noticed a skeletal warrior
 11996 | D:11     | Noticed a skeletal warrior
 11996 | D:11     | Noticed a skeletal warrior
 12046 | D:11     | HP: 1/58 [manticore/volley of spikes (13)]
 12053 | D:11     | Gained mutation: Your magical capacity is low. (-10% MP)
                  | [potion of mutation]
 12054 | D:11     | Mangled by a manticore

Illustrated notes

Levels and vault maps discovered:
D:1:      dpeg_arrival_rooms_with_view, layout_basic, serial_shops,
          nicolae_shop_advertising_works [nicolae_subvault_shop_adworks]
D:2:      layout_rooms, dreamdust_ecumenical_altar_statues, serial_rivers,
          chequers_serial_rivers_large_a, chequers_serial_rivers_micro_c,
          chequers_serial_rivers_large_b, chequers_serial_rivers_micro_d,
          chequers_serial_rivers_micro_a, chequers_serial_rivers_marsh,
          kennysheep_cross_room
D:3:      layout_loops_ring, kennysheep_generic_room_7, uniq_crazy_yiuf_cottage,
          uniq_ijyb
D:4:      layout_loops_corners, chequers_temple_overflow_minitemple,
          gup_ossuary_entry_pyramid
D:5:      layout_cave_pods, portal_sewer_entry_f, minmay_hollow_rounded_squares
D:6:      layout_cave_pools, ebering_ghost_rock_garden, uniq_jeremiah
D:7:      layout_basic, makhleb_grotto_becter, minmay_temple_entry_butterflies,
          chequers_serial_rivers_micro_a, minmay_shattered_shrine, uniq_duvessa
D:8:      nicolae_cairo_tiling, layout_loops_ring, nicolae_tso_carved_into_rock,
          special_room [special_room_orc], uniq_maurice
D:9:      layout_roguey, vehumet_statue, mainiacjoe_overflow_small_starburst,
          minmay_orc_entry_temple_small, uniq_pikel
D:10:     layout_loops_ring, okawaru_ov_weapons_minmay,
          mainiacjoe_overflow_alcove_2, uniq_snorg
D:11:     layout_roguey, hellmonk_lair_entry_icy, uniq_urug

Skill      XL: |  1  2  3  4  5  6  7  8  9 10 11 |
---------------+----------------------------------+-----
Stealth        | 1 2 3 4 5 7 8 10 12 13 | 13.4
Dodging        | 3 4 5 6 7 9 |  9.5
Shapeshifting  | 3 4 5 6 |  6.8
Fighting       | 2 4 5 6 7 |  7.0
Hexes          | 1 2 3 4 5 7 8 |  8.0
Unarmed Combat | 4 5 6 7 |  7.4

Action                     |  1- 3 |  4- 6 |  7- 9 | 10-12 || total
---------------------------+-------+-------+-------+-------++-------
  Melee: Unarmed           |   100 |   110 |   286 |   322 ||   818
         Bite              |    12 |     6 |    41 |    42 ||   101
         Punch             |     1 |     1 |    11 |    14 ||    27
   Cast: Jinxbite          |       |       |    17 |    10 ||    27
         Confusing Touch   |       |       |     3 |    11 ||    14
         Blink             |       |       |       |     1 ||     1
  Evoke: Wand              |       |     2 |     8 |     1 ||    11
    Use: Potion            |       |     3 |     1 |     4 ||     8
         Scroll            |       |     5 |       |       ||     5
   Stab: Sleeping          |     7 |    18 |     3 |    14 ||    42
         Distracted        |     1 |     2 |     3 |     4 ||    10
         Confused          |       |       |     1 |     5 ||     6
 Armour: Skin              |    23 |    24 |   109 |    85 ||   241
  Dodge: Dodged            |    68 |    63 |   241 |   296 ||   668
